 Dungeon Crawl Stone Soup version 0.28.0 (webtiles) character file.

Game seed: 2247786812083257812

137 crazypyro the Skirmisher (level 5, -1/47 HPs)
             Began as a Minotaur Fighter on Feb 4, 2022.
             Slain by Pikel (2 damage)
             ... on level 4 of the Dungeon.
             The game lasted 00:02:09 (2298 turns).

crazypyro the Skirmisher (Minotaur Fighter)         Turns: 2298, Time: 00:02:10

Health: -1/47      AC:  5    Str: 22    XL:     5   Next: 0%
Magic:  4/4        EV: 10    Int:  5    God:
Gold:   148        SH:  4    Dex: 10    Spells: 4/4 levels left

rFire   . . .      SeeInvis .   a - +0 war axe
rCold   + . .      Faith    .   c - +0 buckler
rNeg    . . .      Spirit   .   n - +2 leather armour {rC+}
rPois   .          Reflect  .   (helmet restricted)
rElec   .          Harm     .   (no cloak)
rCorr   .          Rampage  .   (no gloves)
Will    .....                   (no boots)
Stlth   +.........              (no amulet)
HPRegen 0.15/turn               (no ring)
MPRegen 0.09/turn               (no ring)

@: no status effects
A: horns 2, retaliatory headbutt
a: no special abilities


You were on level 4 of the Dungeon.
You visited 1 branch of the dungeon, and saw 4 of its levels.

You collected 148 gold pieces.

Inventory:

Hand Weapons
 a - a +0 war axe (weapon)
Armour
 b - a +0 scale mail
 c - a +0 buckler (worn)
 n - a +2 leather armour of cold resistance (worn)
Jewellery
 e - a +6 ring of intelligence
Scrolls
 f - a scroll of silence {unknown}
 g - a scroll of immolation {unknown}
 h - 2 scrolls of identify {unknown}
 j - a scroll of teleportation {unknown}
 o - a scroll of torment {unknown}
Potions
 d - a potion of heal wounds {unknown}
 i - a potion of berserk rage {unknown}
 k - a potion of cancellation {unknown}
 l - 2 potions of ambrosia {unknown}
 m - a potion of degeneration {unknown}


   Skills:
 + Level 4.6 Fighting
 + Level 3.7 Axes
 + Level 4.6 Armour
 + Level 4.6 Shields


You had 4 spell levels left.
You didn't know any spells.
Your spell library contained the following spells:

 Spells                   Type           Power      Damage    Failure   Level
 Magic Dart               Conj           0%         1d3       61%         1
 Call Imp                 Summ           0%         N/A       75%         2
 Mephitic Cloud           Conj/Pois/Air  0%         N/A       93%         3
 Animate Dead             Necr           0%         N/A       100%        4
 Haunt                    Necr/Summ      0%         N/A       100%        7
 Infestation              Necr           0%         N/A       100%        8


Dungeon Overview and Level Annotations

Branches:
Dungeon (4/15)
 Temple: D:4-7

Altars:
Qazlal
Yredelemnul

Annotations:
D:4 Pikel


Innate Abilities, Weirdness & Mutations

You have a pair of horns on your head.
You reflexively headbutt those who attack you in melee.


Message History

You feel resistant to cold.
o - a scroll labelled SOPSORH NUIJUNI A lemure comes into view.
The lemure shouts!
A lemure is nearby!
A lemure is nearby!
A lemure comes into view.
The lemure shouts!
A lemure comes into view.
Pikel, Merchant of Souls comes into view.
He is wielding a +1 whip of flaming and carrying a wand of flame (27).
A lemure comes into view.
The lemure shouts! x2
The lemure hits you!
You hit the lemure but do no damage. You headbutt the lemure.
The lemure is lightly wounded.
The lemure hits you. The lemure hits you but does no damage.
You barely miss the lemure. You headbutt the lemure!
The lemure is heavily wounded.
The lemure closely misses you.
You slash the lemure! You headbutt the lemure.
You kill the lemure!
That felt strangely unrewarding.
Pikel zaps a wand.
The puff of flame hits you!
Pikel hits you with a +1 whip of flaming.
Pikel burns you.
You barely miss Pikel. You headbutt Pikel, but do no damage.
Pikel says, "You'll make a fine lemure."
Pikel hits you with a +1 whip of flaming!
Pikel burns you.
* * * LOW HITPOINT WARNING * * *
Pikel zaps a wand.
The puff of flame hits you!
* * * LOW HITPOINT WARNING * * *
You slash Pikel!
Pikel is moderately wounded.
You block Pikel's attack.
You hit Pikel. Your headbutt misses Pikel.
Pikel is heavily wounded.
Pikel hits you with a +1 whip of flaming.
* * * LOW HITPOINT WARNING * * *
Pikel burns you.
You die...

# #...# #. #.###
#### #.# #.# ##..#
#..# ###.# ##...#
#..###...###..#.#
##...........##.#
##......########.#
...#....# #.#
...†....# #@#
###.....# #K#
....#...# #5#
#...#>..# 55#
#....)..(. ...
..######### ....
### .... ######


You could see Pikel and 3 lemures.

Vanquished Creatures
  A lemure (D:4)
  A scorpion zombie (D:3)
  Robin (D:2)
  2 adders (D:2)
  An adder zombie (D:3)
  2 worms
  2 orcs (D:3)
  4 ball pythons
  4 bats
  5 endoplasms
  2 giant cockroaches
  11 goblins
  10 hobgoblins
  2 jackals (D:1)
  4 quokkas
  3 frilled lizards
  A giant cockroach zombie (D:3)
  3 kobolds
  A quokka skeleton (D:3)
  4 rats
64 creatures vanquished.

Vanquished Creatures (others)
  2 withered plants (D:3)
2 creatures vanquished.

Grand Total: 66 creatures vanquished

Notes
Turn   | Place    | Note
-------+----------+-------------------------------------------
     0 | D:1      | crazypyro the Minotaur Fighter began the quest for the Orb.
     0 | D:1      | Reached XP level 1. HP: 19/19 MP: 0/0
   300 | D:1      | Reached XP level 2. HP: 24/27 MP: 1/1
   889 | D:2      | Reached XP level 3. HP: 31/33 MP: 2/2
  1161 | D:2      | Noticed Robin
  1171 | D:2      | Killed Robin
  1179 | D:2      | Reached XP level 4. HP: 16/41 MP: 1/3
  1433 | D:2      | Found a faded altar of an unknown god.
  1475 | D:2      | Found a basalt altar of Yredelemnul.
  2044 | D:3      | Found a stormy altar of Qazlal.
  2245 | D:4      | Reached XP level 5. HP: 47/47 MP: 4/4
  2288 | D:4      | Noticed a lemure
  2289 | D:4      | Noticed a lemure
  2289 | D:4      | Noticed a lemure
  2289 | D:4      | Noticed Pikel
  2290 | D:4      | Noticed a lemure
  2294 | D:4      | Killed a lemure
  2298 | D:4      | HP: 1/47 [Pikel (6)]
  2298 | D:4      | Slain by Pikel

Illustrated notes

Levels and vault maps discovered:
D:1:      erik_arrival_orb_chamber, layout_loops_cross
D:2:      layout_rooms, ebering_ecumenical_altar_mist, basic_altar, uniq_robin
D:3:      layout_basic, mainiacjoe_overflow_concentric_impassable,
          serial_undead, serial_undead_d, serial_undead_b, serial_undead_b,
          serial_undead_d
D:4:      layout_rooms, temple_green, hangedman_abyss_or_decor_slice, uniq_pikel

Skill      XL: |  1  2 |
---------------+-------+-----
Fighting       | 4 |  4.6
Shields        | 4 |  4.6
Armour         | 4 |  4.6
Axes           | 3 |  3.7

Action                   |  1- 3 |  4- 6 || total
-------------------------+-------+-------++-------
Melee: War axe           |    87 |    50 ||   137
       Headbutt          |    15 |    11 ||    26
  Use: Potion            |     1 |       ||     1
Armor: Scale mail        |    44 |    22 ||    66
       Leather armour    |       |     1 ||     1
Dodge: Dodged            |    56 |    15 ||    71
Block: Buckler           |    12 |    15 ||    27
